 Dungeon Crawl Stone Soup version 0.25-a0-617-g20d90ebb82 (webtiles) character file.

Game seed: 4508532641688899276, levelgen mode: deterministic

51 Kohma the Stinger (level 3, -1/39 HPs)
             Began as a Draconian Venom Mage on Mar 18, 2020.
             Slain by an adder (2 damage)
             ... on level 2 of the Dungeon.
             The game lasted 00:04:26 (1505 turns).

Kohma the Stinger (Draconian Venom Mage)            Turns: 1505, Time: 00:04:26

Health: -1/39      AC: 21    Str: 10    XL:     3   Next: 58%
Magic:  1/6        EV:  2    Int: 16    God:
Gold:   15         SH:  0    Dex: 11    Spells: 1/7 levels left

rFire    . . .     SeeInvis .   i - +0 dagger
rCold    . . .     Gourm    .   (no shield)
rNeg     + + +     Faith    .   (armour unavailable)
rPois    +         Spirit   .   (helmet currently unavailable)
rElec    .         Reflect  .   (cloak currently unavailable)
rCorr    .         Harm     .   (gloves currently unavailable)
MR       .....     NoTele   +   (boots currently unavailable)
Stlth    ++........             (no amulet)
HPRegen  0.13/turn              (no ring)
MPRegen  0.10/turn              (no ring)

@: lethally poisoned (-1 -> -2), tree-form
A: unfitting armour, AC +5
a: no special abilities


You were on level 2 of the Dungeon.
You were not hungry.
You were a tree.
You visited 1 branch of the dungeon, and saw 2 of its levels.

You collected 15 gold pieces.

Inventory:

Hand Weapons
 i - a +0 dagger (weapon)
Missiles
 f - 81 stones (quivered)
Armour
 a - a scarf of repulsion (melded)
 d - a +0 tower shield
Jewellery
 k - a cursed ring of teleportation {unknown}
Scrolls
 h - a scroll of fog {unknown}
 j - a scroll of remove curse {unknown}
 n - a scroll of teleportation {unknown}
 o - 3 scrolls of enchant armour {unknown}
Potions
 c - a potion of resistance {unknown}
 e - a potion of flight {unknown}
 g - a potion of lignification
 m - a potion of heal wounds {unknown}
Comestibles
 b - 2 rations
 l - 8 chunks of flesh


   Skills:
 - Level 1.7 Dodging
 - Level 1.7 Stealth
 + Level 2.6 Spellcasting
 - Level 1.0 Transmutations
 * Level 4.2 Poison Magic


You had one spell level left.
You knew the following spells:

 Your Spells              Type           Power        Failure   Level  Hunger
a - Sting                 Tmut/Pois      ##..         7%          1    #......
b - Poisonous Vapours     Pois/Air       #.....       12%         2    ##.....
c - Ignite Poison         Fire/Tmut/Pois #.......     28%         3    ###....

Your spell library contained the following spells:

 Spells                   Type           Power        Failure   Level  Hunger
 Mephitic Cloud           Conj/Pois/Air  #.......     32%         3    ###....
 Olgreb's Toxic Radiance  Pois           ###.....     34%         4    #####..


Dungeon Overview and Level Annotations

Branches:
Dungeon (2/15)

Altars:
Hepliaklqana


Innate Abilities, Weirdness & Mutations

((Your plain brown scales are hard. (AC +5)))
You cannot fit into any form of body armour.
((You are cold-blooded and may be slowed by cold attacks.))


Message History

The goblin hits you but does no damage. The adder bites you but does no damage.
You miss the adder.
The hobgoblin hits you but does no damage.
The goblin hits you but does no damage. The adder bites you but does no damage.
You hit the adder.
The adder is heavily wounded.
The adder bites you but does no damage.
The hobgoblin hits you but does no damage.
The goblin hits you but does no damage.
You barely miss the adder.
The adder is heavily wounded.
The adder bites you but does no damage. The hobgoblin hits you.
* * * LOW HITPOINT WARNING * * *
The goblin hits you but does no damage. The adder bites you but does no damage.
You hit the hobgoblin but do no damage.
The hobgoblin is severely wounded.
You feel sick. The hobgoblin hits you.
* * * LOW HITPOINT WARNING * * *
The goblin hits you but does no damage. The adder bites you.
You die...

.......)..g.......
..............?...
#....÷.....g....
#.###.###.......
#.# #)# .......
#.# #.# .......
##.# #.# g......
#..# #g# .......
#..###♣# #......
#..##Sg# #.....
#..##.## .# #.
#)..#.# ####.##..
##....# #.........
#.#..##..##.....
#.#.....##......
#.##...##...# .
#.##........#....


You could see an adder, a hobgoblin and a goblin.

Vanquished Creatures
  2 adders (D:2)
  A worm (D:2)
  4 dart slugs
  A ball python (D:1)
  2 giant cockroaches
  3 goblins
  4 hobgoblins
  2 bats
  A frilled lizard (D:1)
  A kobold (D:2)
  2 rats (D:1)
23 creatures vanquished.

Notes
Turn   | Place    | Note
-------+----------+-------------------------------------------
     0 | D:1      | Kohma the Draconian Venom Mage began the quest for the Orb.
     0 | D:1      | Reached XP level 1. HP: 14/14 MP: 3/3
   360 | D:1      | Reached XP level 2. HP: 20/20 MP: 1/5
   364 | D:1      | Learned a level 2 spell: Poisonous Vapours
  1105 | D:2      | Found a hazy altar of Hepliaklqana.
  1279 | D:2      | Reached XP level 3. HP: 26/26 MP: 0/6
  1284 | D:2      | Learned a level 3 spell: Ignite Poison
  1369 | D:2      | Reached skill level 4 in Poison Magic
  1505 | D:2      | HP: 1/39 [hobgoblin (2)]
  1505 | D:2      | Slain by an adder

Levels and vault maps discovered:
D:1:      lightli_arrival_flooded_house, layout_loops_corners
D:2:      layout_rooms, old_standard_altar, chequers_ecumenical_altar_simple

Skill      XL: |  1  2  3 |
---------------+----------+-----
Poison Magic   | 4 |  4.2
Dodging        | |  1.7
Stealth        | |  1.7
Spellcasting   | |  2.6
Transmutations | |  1.0

Action                   || total
-------------------------++-------
Melee: Unarmed           ||    32
       Tailslap          ||     3
       Dagger            ||    19
 Cast: Sting             ||    21
       Poisonous Vapours ||    14
  Use: Potion            ||     1
  Eat: Chunk             ||     3
Armor: Skin              ||    43
Dodge: Dodged            ||    39
       Deflected         ||     1

Table legend:
 A = Non-vault XP
 B = Vault XP
 C = Vault XP percentage of total XP
 D = Non-vault monster count
 E = Vault monster count
 F = Vault count percentage of total count
                 A         B        C        D         E       F
            +---------+---------+-------+---------+---------+-------
      Total |      74 |       0 |   0.0 |      23 |       0 |   0.0
            +---------+---------+-------+---------+---------+-------
        D:1 |      20 |       0 |   0.0 |      10 |       0 |   0.0
        D:2 |      54 |       0 |   0.0 |      13 |       0 |   0.0
            +---------+---------+-------+---------+---------+-------
